 Dungeon Crawl Stone Soup version 0.20-a0-465-g6513c8f (webtiles) character file.

65 M4edhros the Sneak (level 4, 0/28 HPs)
             Began as an Octopode Artificer on Jan 12, 2017.
             Slain by M4edhros's ghost (2 damage)
             ... on level 3 of the Dungeon.
             The game lasted 00:00:50 (1177 turns).

M4edhros the Sneak (Octopode Artificer)             Turns: 1177, Time: 00:00:51

Health: 0/28       AC:  1    Str: 11    XL:     4   Next: 14%
Magic:  6/6        EV: 13    Int: 13    God:
Gold:   77         SH:  0    Dex: 13    Spells: 3/3 levels left

rFire  . . .     SeeInvis .     a - +0 short sword
rCold  . . .     Gourm    .     (no shield)
rNeg   . . .     Faith    .     (helmet restricted)
rPois  .         Spirit   .     h - amulet of magic regeneration
rElec  .         Reflect  .     (no ring)
rCorr  .         Harm     .     (no ring)
MR     .....                    (no ring)
Stlth  ++++......               (no ring)
                                (no ring)
                                (no ring)
                                (no ring)
                                (no ring)

@: no status effects
A: almost no armour, stealthy swim, amphibious, 8 rings, constrict 8, camouflage
1, gelatinous body 1
a: no special abilities


You were on level 3 of the Dungeon.
You were not hungry.

You visited 1 branch of the dungeon, and saw 3 of its levels.

You collected 77 gold pieces.

Inventory:

Hand Weapons
 a - a +0 short sword (weapon)
Missiles
 l - 96 stones (quivered)
Jewellery
 h - an amulet of magic regeneration (around mantle)
Wands
 b - a wand of flame (15/48)
 c - a wand of enslavement (12/24)
 d - a wand of random effects (14/48)
Scrolls
 e - 2 scrolls of magic mapping {unknown}
 g - a scroll of immolation {unknown}
 k - 3 scrolls of identify {unknown}
 m - 2 scrolls of teleportation {unknown}
Potions
 n - a potion of degeneration {unknown}
 o - a potion of curing {unknown}
 p - 2 potions of cure mutation {unknown}
Comestibles
 f - 3 bread rations
 i - 4 fruits
 j - a meat ration


   Skills:
 - Level 1.0 Fighting
 - Level 1.0 Short Blades
 - Level 2.0 Dodging
 + Level 5.5 Stealth
 - Level 3.2 Evocations


You had 3 spell levels left.
You didn't know any spells.

Dungeon Overview and Level Annotations

Branches:
Dungeon (3/15)

Altars:

Annotations:
D:3 M4edhros's ghost, amateur OpAr


Innate Abilities, Weirdness & Mutations

You cannot wear most types of armour.
You are very stealthy in the water. (Stealth+)
You are amphibious.
You can wear up to eight rings at the same time.
You can use your tentacles to constrict eight enemies at once.
Your skin changes colour to match your surroundings (Stealth+).
Your rubbery body absorbs attacks. (AC +1, EV +1)


Message History

This wand has 14 charges left.
M4edhros's ghost hits you. M4edhros's ghost freezes you.
M4edhros's ghost hits you. M4edhros's ghost freezes you.
Evoke which item? (* to show all) (? for menu, Esc to quit)
Aiming: Enslavement
Press: ? - help, Shift-Dir - straight line, f/p - M4edhros's ghost
Aim: M4edhros's ghost, wielding a weapon of freezing (fast, chance to defeat MR: 37%) M4edhros's ghost resists with some effort.
This wand has 13 charges left.
M4edhros's ghost hits you! M4edhros's ghost freezes you.
* * * LOW HITPOINT WARNING * * *
Evoke which item? (* to show all) (? for menu, Esc to quit)
Aiming: Enslavement
Press: ? - help, Shift-Dir - straight line, f/p - M4edhros's ghost
Aim: M4edhros's ghost, wielding a weapon of freezing (fast, chance to defeat MR: 37%) M4edhros's ghost resists with some effort.
This wand has 12 charges left.
M4edhros's ghost hits you.
* * * LOW HITPOINT WARNING * * *
M4edhros's ghost freezes you.
You die...

... #...# #.......#
..... #.##
####.......### #.
[.####............#
...............#.# #
#>.......†......#
#.#...............#
#............##...#####
####.......###..........
......W@...###.....####.
.###.......##......#
###.$............#
#...###.........# #####
##.......## ##.....##
#....## #..... ###.##


You could see M4edhros's ghost.

Vanquished Creatures
  A gnoll (D:1)
  4 adders
  A leopard gecko (D:1)
  A ball python (D:3)
  2 bats (D:1)
  2 giant cockroaches (D:1)
  4 goblins
  A kobold (D:2)
  A quokka (D:2)
  3 rats
20 creatures vanquished.

Notes
Turn   | Place    | Note
-------+----------+-------------------------------------------
     0 | D:1      | M4edhros the Octopode Artificer began the quest for the Orb.
     0 | D:1      | Reached XP level 1. HP: 13/13 MP: 3/3
    35 | D:1      | Reached skill level 2 in Stealth
    67 | D:1      | Reached XP level 2. HP: 5/18 MP: 4/4
   121 | D:1      | Reached skill level 3 in Stealth
   512 | D:2      | Reached skill level 4 in Stealth
   619 | D:2      | Reached XP level 3. HP: 23/23 MP: 5/5
   922 | D:2      | Reached skill level 5 in Stealth
  1155 | D:3      | Reached XP level 4. HP: 28/28 MP: 6/6
  1171 | D:3      | Noticed M4edhros's ghost (amateur OpAr)
  1177 | D:3      | Slain by M4edhros's ghost

Vault maps used:
D:1:      scummos_arrival_simple_fountains
D:2:      first_bread, uniq_jessica
D:3:      uniq_grinder

Skill      XL: |  1  2  3 |
---------------+----------+-----
Stealth        | 2 4 5 |  5.5
Fighting       | |  1.0
Short Blades   | |  1.0
Dodging        | |  2.0
Evocations     | |  3.2

Action                   |  1- 3 |  4- 6 || total
-------------------------+-------+-------++-------
Melee: Short sword       |    38 |     1 ||    39
       Constrict         |    10 |       ||    10
       Tentacles         |     7 |       ||     7
Evoke: Wand              |       |     4 ||     4
 Stab: Sleeping          |     8 |     1 ||     9
  Eat: Chunk             |     1 |       ||     1
Armor: Skin              |     3 |       ||     3
Dodge: Dodged            |    23 |       ||    23
